Map: Altitude LE

Players

A.I. 1 (Very Easy) - Winner!

  • Race: Terran Terran
  • Spawn Location: 1:00

Archoff

  • Race: Protoss Protoss
  • League: Diamond
  • Spawn Location: 7:00

VOD

Have the link to the VOD?

Description

Time

  • Played on: March 25, 2023, 9:11 a.m.
  • Length: 6:29
Show
View Real Time Build Order
Export as new Build Order

A.I. 1 (Very Easy) Terran - Winner!

Build Orders:  

Get SALT Encoding   

  12  0:00  SCV  
  13  0:13  SCV  
  14  0:20  Supply Depot  
  14  0:46  Barracks  
  14  0:56  Supply Depot  
  14  1:02  Refinery  
  15  1:04  SCV  
  15  1:13  Refinery  
  15  1:17  SCV  
  16  1:29  SCV  
  17  1:34  Marine  
  18  1:41  SCV  
  19  1:52  Reaper  
  19  1:53  SCV  
  21  2:05  SCV  
  22  2:18  Orbital Command  
  22  2:39  Marine  
  22  2:42  Supply Depot  
  23  2:44  SCV  
  24  3:03  SCV  
  25  3:06  Factory  
  25  3:07  Supply Depot  
  25  3:15  SCV  
  26  3:28  SCV  
  26  3:29  Barracks Tech Lab  
  27  3:40  SCV  
  28  3:48  Marauder  
  30  3:52  Starport, SCV  
  30  3:55  Supply Depot  
  31  4:04  SCV  
  32  4:29  Starport Tech Lab  
  32  4:37  Marine  
  33  4:47  Raven  
  35  5:21  Raven  
  35  5:27  Marine  
  38  6:02  Command Center  
Show
View Real Time Build Order
Export as new Build Order

Archoff Protoss 

Build Orders: 1 Gate Expand, Phoenix Opening, Colossus Rush 

Get SALT Encoding   

  12  0:00  Probe  
  13  0:12  Probe  
  14  0:17  Pylon  
  14  0:24  Probe  
  15  0:35  Gateway  
  15  0:38  Probe (Chrono Boost)  
  16  0:47  Probe (Chrono Boost), Assimilator  
  17  0:52  Probe  
  18  1:04  Probe  
  19  1:16  Probe  
  20  1:25  Nexus  
  20  1:35  Cybernetics Core  
  20  1:38  Probe  
  21  1:44  Assimilator  
  21  1:54  Pylon  
  21  1:55  Probe  
  22  2:08  Probe  
  22  2:10  Adept (Chrono Boost)  
  25  2:17  Stargate  
  25  2:21  Probe  
  26  2:30  Warp Gate  
  26  2:32  Adept (Chrono Boost)  
  26  2:33  Probe  
  29  2:39  Probe  
  30  2:46  Probe  
  31  2:52  Probe  
  31  2:54  Adept (Chrono Boost)  
  31  2:58  Probe  
  35  2:59  Phoenix (Chrono Boost)  
  35  3:04  Probe  
  38  3:10  Probe  
  38  3:11  Pylon  
  39  3:17  Probe  
  40  3:21  Phoenix  
  40  3:23  Probe  
  43  3:29  Probe  
  44  3:37  Gateway  
  44  3:41  Gateway  
  44  3:42  Probe  
  44  3:46  Phoenix (Chrono Boost)  
  47  3:50  Probe  
  48  3:56  Robotics Facility  
  48  3:58  Probe  
  49  4:03  Assimilator  
  49  4:05  Probe, Assimilator  
  50  4:10  Pylon  
  50  4:11  Probe  
  51  4:17  Phoenix  
  51  4:21  Pylon  
  53  4:27  Probe  
  53  4:28  Probe  
  54  4:39  Probe  
  54  4:40  Probe  
  54  4:45  Robotics Bay  
  58  4:51  Probe  
  57  4:55  Observer  
  57  4:56  Probe  
  57  4:58  Nexus  
  59  5:08  Phoenix  
  59  5:09  Forge  
  59  5:10  Probe  
  59  5:11  Pylon  
  62  5:16  Probe  
  62  5:18  Observer (Chrono Boost)  
  64  5:22  Probe  
  64  5:23  Twilight Council  
  65  5:28  Probe  
  66  5:36  Colossus (Chrono Boost)  
  66  5:42  Probe  
  73  5:44  Pylon  
  73  5:51  Probe, Pylon  
  74  6:00  Gateway x2  
  74  6:03  Gateway  
  74  6:09  Probe  
  74  6:10  Probe  
  82  6:24  Assimilator  
  82  6:27  Assimilator  
Tags
 
Add a new tag
Caveats
  • Supply blocks, unpowered buildings, or Contaminate may cause inaccurate times.
  • Supply counts are checked every 10 seconds.